 Dungeon Crawl Stone Soup version 0.27-a0-170-g607d9e9d85 (webtiles) character file.

Game seed: 8654724141533422321

2461 septik the Cleaver (level 9, -8/79 HPs)
             Began as a Minotaur Berserker on Jan 28, 2021.
             Was an Elder of Trog.
             Splashed by Maurice's acid (17 damage)
             ... on level 9 of the Dungeon.
             The game lasted 00:12:41 (5443 turns).

septik the Cleaver (Minotaur Berserker)             Turns: 5443, Time: 00:12:41

Health: -8/79      AC: 10    Str: 25    XL:     9   Next: 26%
Magic:  8/8        EV:  9    Int:  4    God:    Trog [****..]
Gold:   329        SH:  0    Dex: 10    Spells: 8/8 levels left

rFire    . . .     SeeInvis .   c - +0 war axe
rCold    . . .     Faith    .   (no shield)
rNeg     . . .     Spirit   .   h - +4 plate armour
rPois    .         Reflect  .   (helmet restricted)
rElec    .         Harm     .   (no cloak)
rCorr    .         Rampage  .   (no gloves)
Will     .....                  u - +0 pair of boots
Stlth    ..........             (no amulet)
HPRegen  0.23/turn              (no ring)
MPRegen  0.11/turn              (no ring)

@: corroded
A: retaliatory headbutt, horns 2
a: Renounce Religion, Berserk, Trog's Hand, Brothers in Arms


You were on level 9 of the Dungeon.
You worshipped Trog.
Trog was greatly pleased with you.
You visited 1 branch of the dungeon, and saw 8 of its levels.
You also visited: Sewer.

You collected 329 gold pieces.

Inventory:

Hand Weapons
 a - a +0 hand axe
 c - a +0 war axe (weapon)
Armour
 b - a +0 animal skin
 e - a +0 chain mail
 h - a +4 plate armour (worn)
 u - a +0 pair of boots (worn)
Jewellery
 d - an uncursed amulet of magic regeneration
 p - the ring "Fongid" {Ice +Fly rElec rPois Int-2 Dex+2, unknown}
   (You found it on level 8 of the Dungeon)

   [ring of ice]

   It enhances your ice magic.
   It affects your intelligence (-2).
   It affects your dexterity (+2).
   It makes you vulnerable to fire.
   It protects you from cold.
   It insulates you from electricity.
   It protects you from poison.
   It lets you fly.
Wands
 r - a wand of digging (4)
Scrolls
 f - 4 scrolls of teleportation
 g - 4 scrolls of remove curse
 n - a scroll of acquirement {unknown}
 o - 2 scrolls of identify
 s - a scroll of immolation {unknown}
 t - 3 scrolls of enchant armour {unknown}
Potions
 i - 2 potions of curing {unknown}
 j - a potion of cancellation {unknown}
 k - a potion of attraction {unknown}
 l - a potion of haste {unknown}
 m - a potion of degeneration {unknown}
 q - a potion of might {unknown}
 v - a potion of brilliance {unknown}


   Skills:
 + Level 7.6 Fighting
 * Level 10.1 Axes
 + Level 7.1 Armour
 + Level 6.5 Dodging


You had 8 spell levels left.
You didn't know any spells.
Your spell library was empty.

Dungeon Overview and Level Annotations

Branches:
Dungeon (8/15)              Sewer (visited)
 Temple: D:4-7         Lair: D:8-11

Altars:
Gozag
Hepliaklqana
Kikubaaqudgha
Makhleb
Xom
Zin

Shops:
D:7 [

Annotations:
D:9 Maurice


Innate Abilities, Weirdness & Mutations

You reflexively headbutt those who attack you in melee.
You have a pair of horns on your head.


Message History

Your ogre rages.
You hear a zap.
A bolt of acid appears from out of thin air!
The bolt of acid hits you but does no damage.
The acid corrodes you!
You are splashed with acid!
You closely miss something. Something hits you but does no damage.
You hit something but do no damage. Your headbutt misses something.
You hear a zap.
A bolt of acid appears from out of thin air!
The bolt of acid hits you! The acid corrodes you!
You are splashed with acid!
* * * LOW HITPOINT WARNING * * *
You slash something!
You hear some strange, mumbled words.
Unknown command.
You hear a zap.
A bolt of acid appears from out of thin air!
The bolt of acid hits you!
* * * LOW HITPOINT WARNING * * *
You are splashed with acid!
You die...

..## ...
..# ..# ..
##{# #..#
##@# #.O#
####'######
#.........#
#.........#
#.........+
+....>....#
#.........#
#.........#


You could see a friendly ogre (summoned, berserk).

Vanquished Creatures
  2 wraiths (D:7)
  A wyvern (D:7)
  Edmund (D:4)
  2 sky beasts (D:7)
  3 ice beasts (D:7)
  An orc warrior (D:7)
  A phantom (D:7)
  5 bullfrogs
  A scorpion (D:7)
  The ghost of sammydre the Covered, a weakling MiFi (D:3)
  A killer bee (D:7)
  A howler monkey (D:7)
  A quasit (D:7)
  A bullfrog skeleton (D:7)
  4 hounds
  2 orc priests
  Jessica (D:2)
  An iguana (D:7)
  4 orc wizards
  3 worker ants
  2 hound skeletons
  4 gnolls
  7 adders
  A shadow imp (D:7)
  An ooze (D:1)
  An adder zombie (D:7)
  2 worms (D:2)
  3 dart slugs
  6 leopard geckos
  23 orcs
  A ball python (Sewer)
  7 giant cockroaches
  9 goblins
  5 hobgoblins
  11 jackals
  8 kobolds
  4 quokkas
  7 bats
  13 frilled lizards
  6 rats
158 creatures vanquished.

Notes
Turn   | Place    | Note
-------+----------+-------------------------------------------
     0 | D:1      | septik the Minotaur Berserker began the quest for the Orb.
     0 | D:1      | Reached XP level 1. HP: 19/19 MP: 0/0
   198 | D:1      | Reached XP level 2. HP: 27/27 MP: 1/1
   204 | D:1      | Reached skill level 4 in Axes
  1140 | D:2      | Reached XP level 3. HP: 31/33 MP: 2/2
  1279 | D:2      | Noticed Jessica
  1299 | D:2      | Killed Jessica
  1300 | D:2      | Reached XP level 4. HP: 40/40 MP: 3/3
  1305 | D:2      | Reached ** piety under Trog
  1355 | D:2      | Reached skill level 5 in Axes
  2013 | D:3      | Reached XP level 5. HP: 47/47 MP: 4/4
  2032 | D:3      | Found a transporter.
  2034 | D:3      | Noticed sammydre's ghost (weakling MiFi)
  2042 | D:3      | Found a transporter.
  2138 | D:3      | Found a glowing silver altar of Zin.
  2404 | D:3      | Reached *** piety under Trog
  2622 | D:3      | Killed sammydre's ghost
  2623 | D:3      | Reached XP level 6. HP: 41/55 MP: 5/5
  2893 | D:5      | Entered Level 5 of the Dungeon
  3023 | D:4      | Noticed Edmund
  3035 | D:4      | Found a shimmering altar of Xom.
  3039 | D:4      | Found a glowing drain.
  3047 | Sewer    | Entered a sewer
  3315 | Sewer    | Reached skill level 6 in Axes
  3389 | Sewer    | Reached skill level 5 in Fighting
  3417 | D:4      | Reached XP level 7. HP: 61/61 MP: 6/6
  3423 | D:4      | Killed Edmund
  3424 | D:4      | Reached skill level 7 in Axes
  3542 | D:4      | Reached skill level 5 in Armour
  3585 | D:4      | You fall into a shaft and drop 3 floors!
  3642 | D:7      | Found Cont's Antique Armour Emporium.
  3664 | D:7      | Reached **** piety under Trog
  3700 | D:7      | Found a hazy altar of Hepliaklqana.
  3709 | D:7      | Found an ancient bone altar of Kikubaaqudgha.
  3758 | D:7      | Noticed a wraith
  3769 | D:7      | Killed a wraith
  3770 | D:7      | Reached skill level 8 in Axes
  3770 | D:7      | Reached skill level 5 in Dodging
  3770 | D:7      | Reached XP level 8. HP: 51/70 MP: 7/7
  4183 | D:7      | Reached skill level 9 in Axes
  4354 | D:7      | Found an opulent altar of Gozag.
  4361 | D:7      | Found a burning altar of Makhleb.
  4404 | D:7      | Reached XP level 9. HP: 32/79 MP: 8/8
  5262 | D:8      | Got a coiled ivory ring
  5298 | D:8      | Reached skill level 10 in Axes
  5427 | D:8      | You fall into a shaft and drop 1 floor!
  5434 | D:9      | Noticed Maurice
  5443 | D:9      | Splashed by Maurice's acid

Illustrated notes

Levels and vault maps discovered:
D:1:      heliophobic_arrival_ceremonial_halls, layout_basic,
          minmay_indecisive_spiral
D:2:      layout_loops_ring, minmay_misc_feat_more_columns, uniq_jessica
D:3:      layout_basic, zin_treasury, gammafunk_ghost_arena,
          ebering_dispersal_statue_hall, chequers_hall_statues_wall_a,
          minmay_misc_feat_tiny, minmay_strange_pillars
D:4:      kennysheep_goblin_castle, layout_basic, overflow_temple_1_default,
          portal_sewer_entry_f, kennysheep_path_1, minmay_misc_feat_rows,
          uniq_edmund
D:5:      layout_basic, nzn_overflow_gifts_of_might_and_magic
D:7:      nzn_winding_woodlands_medium [nzn_winding_woodlands_hourglass,
          nzn_winding_woodlands_5x15_crooked,
          nzn_winding_woodlands_5x5_open_star,
          nzn_winding_woodlands_5x5_perimeter,
          nzn_winding_woodlands_center_diamonds,
          nzn_winding_woodlands_5x5_default, nzn_winding_woodlands_5x5_three,
          nzn_winding_woodlands_5x15_sawtooth,
          nzn_winding_woodlands_5x5_closed_star], layout_basic,
          lemuel_crystal_altar, minitemple, kennysheep_mini,
          serial_co_window_serial, co_window_corner_a, co_window_paths_a,
          co_window_corner_a, co_window_paths_b, co_window_paths_a,
          co_window_of_opportunity_b, co_window_broadway_b, co_window_cross_3,
          glass_columns_c, glass_columns_c, glass_columns_b, glass_columns_b,
          glass_columns_a, serial_shops, shop
D:8:      layout_cave_pools, overflow_temple_1_default,
          nicolae_tso_besieged_by_evil, uniq_pikel
D:9:      layout_roguey, dancing_weapons_uskayaw, serial_shops,
          nicolae_shop_statue_plus, nicolae_shop_stone,
          nicolae_shop_behind_doors, nicolae_dithmenos_through_a_glass_darkly,
          uniq_maurice

Skill      XL: |  1  2  3  4  5  6  7  8  9 |
---------------+----------------------------+-----
Axes           | 4 5 6 8 9 10 | 10.1
Fighting       | 4 5 6 7 |  7.6
Armour         | 3 4 5 6 7 |  7.1
Dodging        | 3 4 5 6 |  6.5

Action                   |  1- 3 |  4- 6 |  7- 9 || total
-------------------------+-------+-------+-------++-------
Melee: Hand axe          |    59 |    56 |       ||   115
       Headbutt          |    12 |    31 |    25 ||    68
       War axe           |       |   134 |   168 ||   302
Invok: Berserk           |     1 |     3 |     4 ||     8
       Brothers in Arms  |       |       |     1 ||     1
  Use: Scroll            |     1 |     5 |     1 ||     7
Armor: Chain mail        |    20 |    17 |       ||    37
       Animal skin       |     3 |       |       ||     3
       Plate armour      |       |   162 |   103 ||   265
Dodge: Dodged            |    35 |   118 |    64 ||   217

Table legend: (Time is in decaauts)
 A = Elapsed time spent in this place.
 B = Non-inter-level travel time spent in this place.
 C = Inter-level travel time spent in this place.
 D = Time resting spent in this place.
 E = Time spent auto-exploring this place.
 F = Levels seen in this place.
 G = Mean time per level.
                   A        B        C        D        E       F      G
               +--------+--------+--------+--------+--------+-----+--------+
         Total |   5625 |   5433 |    192 |    425 |   3543 |   9 |  625.0 |
       Dungeon |   5193 |   5001 |    192 |    425 |   3494 |   8 |  649.1 |
         Sewer |    431 |    431 |      0 |      0 |     49 |   1 |  431.0 |
               +--------+--------+--------+--------+--------+-----+--------+

Top non-repeatable levels by time:
     D:7: 1703 daAuts
     D:1: 1129 daAuts
     D:2: 893 daAuts
     D:3: 758 daAuts
     D:4: 491 daAuts
   Sewer: 431 daAuts
     D:8: 196 daAuts
     D:9: 15 daAuts
     D:5: 6 daAuts
